 Dungeon Crawl Stone Soup version 0.22-a0-166-g5351223 (webtiles) character file.

4880 MovingMist the Envoy of Void (level 10, -7/76 HPs)
             Began as a Demonspawn Abyssal Knight on Feb 13, 2018.
             Was a High Priest of Lugonu.
             Mangled by a slime creature (8 damage)
             ... on level 9 of the Dungeon.
             The game lasted 00:20:20 (8110 turns).

MovingMist the Envoy of Void (DsAK)                 Turns: 8110, Time: 00:20:21

Health: -7/76      AC: 10    Str: 15    XL:     10   Next: 26%
Magic:  17/17      EV:  8    Int: 13    God:    Lugonu [*****.]
Gold:   607        SH:  4    Dex: 11    Spells: 9/9 levels left

rFire    + + .     SeeInvis .   w - +5 pair of quick blades "Gyre" and "Gimble" {pierce, Dex-3}
rCold    + . .     Gourm    .   (shield currently unavailable)
rNeg     . . .     Faith    .   z - +0 chain mail {MR+}
rPois    .         Spirit   .   x - +0 helmet
rElec    .         Reflect  .   B - scarf {rC+ rF+}
rCorr    +         Harm     .   h - +0 pair of gloves
MR       +....                  (no boots)
Stlth    ..........             (no amulet)
HPRegen  0.22/turn              y - ring of resist corrosion
MPRegen  0.15/turn              (no ring)

@: no status effects
A: talons 2, large bone plates 1, demonic guardian 1, fire resistance 1, flame
cloud immunity
a: Depart the Abyss, Bend Space, Banish, Corrupt, Enter the Abyss, Renounce
Religion


You were on level 9 of the Dungeon.
You worshipped Lugonu.
Lugonu was extremely pleased with you.
You were not hungry.

You visited 1 branch of the dungeon, and saw 10 of its levels.
You visited the Abyss 1 time.

You collected 607 gold pieces.

Inventory:

Hand Weapons
 a - a +2 hand axe
 w - the +5 pair of quick blades "Gyre" and "Gimble" (weapon) {pierce, Dex-3}
   (You found it on level 7 of the Dungeon)

   It inflicts extra damage upon your enemies.
   It affects your dexterity (-3).
Armour
 h - a +0 pair of gloves (worn)
 x - a +0 helmet (worn)
 z - a +0 chain mail of magic resistance (worn)
 B - a scarf of resistance (worn)
Jewellery
 k - an uncursed ring of flight
 l - a +3 ring of intelligence
 u - an uncursed amulet of guardian spirit
 y - a ring of resist corrosion (left hand)
Wands
 i - a wand of flame (54)
 q - a wand of digging (8)
 E - a wand of clouds (5)
Scrolls
 f - 4 scrolls of enchant armour
 g - 3 scrolls of remove curse {unknown}
 j - 5 scrolls of teleportation {unknown}
 r - 3 scrolls of fog {unknown}
 t - 2 scrolls of enchant weapon
 A - 3 scrolls of fear {unknown}
 D - 4 scrolls of identify
Potions
 b - a potion of agility {unknown}
 d - a potion of flight {unknown}
 e - a potion of resistance {unknown}
 m - 6 potions of degeneration
 n - 4 potions of lignification
 o - a potion of berserk rage {unknown}
 p - 4 potions of curing {unknown}
 s - 2 potions of brilliance {unknown}
 C - a potion of invisibility {unknown}
Comestibles
 c - 9 rations


   Skills:
 + Level 6.2 Fighting
 * Level 7.1 Short Blades
 - Level 6.9 Axes
 - Level 1.7 Armour
 + Level 4.9 Dodging
 - Level 10.0 Invocations


You had 9 spell levels left.
You didn't know any spells.

Dungeon Overview and Level Annotations

Branches:
Dungeon (10/15)            Temple (0/1) D:7
   Lair: D:8-11         Orc: D:9-12

Altars:
Dithmenos
Elyvilon
Okawaru
Ru
Trog
Uskayaw
Wu Jian
Yredelemnul
The Shining One

Shops:
D:8 :

Annotations:
Abyss:1 Erica


Innate Abilities, Weirdness & Mutations

You have razor-sharp toenails.
You are partially covered in large bone plates. (SH +4)
A weak demonic guardian rushes to your aid.
Your flesh is heat resistant. (rF+)
You are immune to clouds of flame.


Message History

Your white imp gestures at the slime creature.
The puff of frost hits the slime creature.
A slime creature is nearby!
The slime creature closely misses your white imp.
Your white imp hits the slime creature.
Your white imp freezes the slime creature.
The slime creature hits your white imp!
Your white imp dies!
The slime creature quivers.
The slime creature hits you!
* * * LOW HITPOINT WARNING * * *
Two slime creatures merge to form a large slime creature.
You hit the slime creature but do no damage.
You hit the slime creature.
The slime creature hits you but does no damage.
You completely miss the slime creature. x2
You hit the slime creature but do no damage.
You hit the slime creature.
You hit the slime creature. x2; The slime creature hits you!
You die...

...........+.# #.........# #
........)..### #####'##### #
#########'## ##.# ###..# #..#
#...## #.## #### ####'###
###'###### #... #.<....#######
#.......(####...
#......'.....###........##.'...
#......#####..@J........##.#.[.
#......# #####........'..#...
######## #.J......####...
####.#'### #### ####.#.#
#..._..# #.##5### #
####+#ยง.### # #....).J..# ###


You could see a large slime creature and a slime creature.

Vanquished Creatures
  An ugly thing (D:9)
  Prince Ribbit (D:8)
  A hungry ghost (D:9)
  An orc warrior (D:9)
  2 sky beasts
  2 phantoms
  An ogre (D:6)
  5 centaurs
  A big kobold (D:8)
  2 bullfrogs
  A water moccasin zombie (D:9)
  A scorpion (D:4)
  2 wights (D:8)
  A howler monkey (D:4)
  2 crimson imps
  A quasit (D:8)
  3 orc priests
  A bullfrog zombie (D:9)
  6 human zombies (D:8)
  3 jellies
  Crazy Yiuf (D:2)
  3 bullfrog skeletons
  3 orc wizards
  A centaur skeleton (D:6)
  A human skeleton (D:8)
  3 iguanas
  10 worker ants
  Natasha (D:3)
  2 killer bee zombies (D:6)
  A hound skeleton (D:4)
  A hound zombie (D:8)
  2 mummies (D:8)
  4 gnolls (D:9)
  8 adders
  An adder zombie (D:8)
  An adder skeleton (D:9)
  2 worms
  A dart slug (D:1)
  3 leopard geckos
  24 orcs
  5 bats
  7 giant cockroaches
  8 hobgoblins
  2 jackals (D:4)
  10 kobolds
  A quokka (D:3)
  7 frilled lizards
  6 goblins
  A leopard gecko skeleton (D:4)
  An orc skeleton (D:8)
  7 rats
166 creatures vanquished.

Vanquished Creatures (collateral kills)
  A troll (D:9)
  A hippogriff (D:9)
  A phantom (D:7)
  An ogre (D:7)
  A centaur (D:7)
  A crimson imp (D:6)
  A hound (D:6)
  A bullfrog skeleton (D:9)
  A centaur skeleton (D:4)
  6 worker ants
  A giant cockroach (D:7)
  A quokka (D:4)
17 creatures vanquished.

Vanquished Creatures (others)
  A two-headed ogre (D:8)
  A hippogriff (D:7)
  An ogre (D:6)
  An adder (D:8)
  A shadow imp (D:8)
5 creatures vanquished.

Grand Total: 188 creatures vanquished

Notes
Turn   | Place    | Note
-------+----------+-------------------------------------------
     0 | Abyss:1  | MovingMist the Demonspawn Abyssal Knight began the quest for the Orb.
     0 | Abyss:1  | Reached XP level 1. HP: 18/18 MP: 2/2
     8 | D:1      | Escaped the Abyss
   296 | D:1      | Reached skill level 3 in Invocations
   311 | D:1      | Gained mutation: You are partially covered in large bone plates. (SH +4) [demonic ancestry]
   311 | D:1      | Reached XP level 2. HP: 24/24 MP: 4/4
   879 | D:2      | Reached XP level 3. HP: 29/29 MP: 5/5
   920 | D:2      | Reached ** piety under Lugonu
  1333 | D:2      | Found a runed door.
  1388 | D:2      | Noticed Crazy Yiuf
  1393 | D:2      | Killed Crazy Yiuf
  1393 | D:2      | Reached skill level 4 in Invocations
  1441 | D:3      | Found a hide-covered altar of Uskayaw.
  1441 | D:3      | Noticed a hand axe
  1441 | D:3      | Noticed a hand axe
  1502 | D:3      | Reached XP level 4. HP: 29/35 MP: 7/7
  1815 | D:3      | Found a white marble altar of Elyvilon.
  1970 | D:3      | Noticed Natasha
  1978 | D:3      | Killed Natasha
  2219 | D:4      | Reached skill level 5 in Invocations
  2219 | D:4      | Gained mutation: A weak demonic guardian rushes to your aid. [demonic ancestry]
  2219 | D:4      | Reached XP level 5. HP: 28/41 MP: 8/8
  2287 | D:4      | Found a bloodstained altar of Trog.
  2345 | D:4      | Reached skill level 6 in Invocations
  2345 | D:4      | Reached XP level 6. HP: 32/47 MP: 10/10
  2495 | D:4      | Reached *** piety under Lugonu
  2851 | D:5      | Entered Level 5 of the Dungeon
  2880 | D:5      | Found a sacrificial altar of Ru.
  3058 | D:5      | Found an ornate altar of the Wu Jian Council.
  3491 | D:6      | Reached skill level 7 in Invocations
  3497 | D:6      | Reached skill level 5 in Axes
  3518 | D:6      | Gained mutation: You have sharp toenails. [demonic ancestry]
  3518 | D:6      | Reached XP level 7. HP: 20/52 MP: 12/12
  4087 | D:6      | Reached skill level 8 in Invocations
  4784 | D:7      | Gained mutation: Your flesh is heat resistant. (rF+) [demonic ancestry]
  4784 | D:7      | Reached XP level 8. HP: 56/58 MP: 14/14
  4844 | D:7      | Found a runed door.
  4869 | D:7      | Found a runed door.
  4894 | D:7      | Reached skill level 9 in Invocations
  5291 | D:7      | Noticed a hippogriff
  5292 | D:7      | Banished a hippogriff
  5646 | D:7      | Found a staircase to the Ecumenical Temple.
  5739 | D:7      | Found the +5 pair of quick blades "Gyre" and "Gimble" {pierce, Dex-3}
  5782 | D:7      | Reached skill level 10 in Invocations
  5967 | D:7      | Found a glowing golden altar of the Shining One.
  5987 | D:7      | Reached skill level 1 in Short Blades
  5987 | D:7      | Reached skill level 1 in Dodging
  6080 | D:7      | Reached **** piety under Lugonu
  6448 | D:8      | Noticed a two-headed ogre
  6454 | D:8      | Noticed Prince Ribbit
  6458 | D:8      | Banished a two-headed ogre
  6458 | D:8      | Gained mutation: You are immune to clouds of flame. [demonic ancestry]
  6458 | D:8      | Reached XP level 9. HP: 65/65 MP: 11/16
  6462 | D:8      | Killed Prince Ribbit
  6675 | D:8      | Found Lohyin's Book Shoppe.
  6786 | D:8      | Found an iron altar of Okawaru.
  7040 | D:8      | Reached skill level 5 in Short Blades
  7069 | D:8      | Found a basalt altar of Yredelemnul.
  7075 | D:8      | Reached skill level 5 in Fighting
  7204 | D:9      | Found a shadowy altar of Dithmenos.
  7271 | D:9      | Noticed Erica
  7296 | D:9      | Banished Erica
  7681 | D:9      | Gained mutation: You have razor-sharp toenails. [demonic ancestry]
  7681 | D:9      | Reached XP level 10. HP: 76/76 MP: 17/17
  7749 | D:9      | Reached ***** piety under Lugonu
  7813 | D:9      | Noticed a green ugly thing
  7826 | D:9      | Killed a green ugly thing
  7893 | D:9      | Found an ornate altar of the Wu Jian Council.
  8038 | D:10     | Entered Level 10 of the Dungeon
  8038 | D:10     | Noticed a wizard
  8039 | D:10     | Paralysed by a wizard for 3 turns
  8106 | D:9      | HP: 1/76 [slime creature (17)]
  8110 | D:9      | Mangled by a slime creature

Vault maps used:
D:1:      dpeg_arrival_solitude
D:2:      uniq_crazy_yiuf_cottage
D:3:      dancing_weapons_uskayaw, old_standard_altar, first_ration,
          kennysheep_boxes, uniq_natasha
D:4:      cheibrodos_quashed, bloody_trog, serial_bayou_pond_b,
          minmay_misc_feat_hallway
D:5:      basic_altar, nicolae_ru_awakened_eye
D:6:      st_stairs_8
D:7:      lemuel_insect_pit, minmay_temple_entry_trees, lemuel_centaur_altar
D:8:      lemuel_mausoleum_altar_yredelemnul, basic_altar, serial_shops, shop,
          lemuel_old_faithful, uniq_prince_ribbit1
D:9:      kennysheep_mini_moat, lemuel_crystal_altar, uniq_erica
D:10:     minmay_the_grid_plus, minmay_orc_entry_temple_small, the_bakery
Abyss:1:  hangedman_abyss_river_spirits

Skill      XL: |  1  2  3  4  5  6  7  8  9 10 |
---------------+-------------------------------+-----
Axes           | 2 3 4 5 6 |  6.9
Invocations    | 3 4 5 6 7 8 10 | 10.0
Short Blades   | 3 6 7 |  7.1
Dodging        | 2 4 |  4.9
Fighting       | 4 5 6 |  6.2
Armour         | |  1.7

Action                   |  1- 3 |  4- 6 |  7- 9 | 10-12 || total
-------------------------+-------+-------+-------+-------++-------
Melee: Hand axe          |    97 |   182 |   210 |       ||   489
       Kick              |       |       |   100 |    10 ||   110
       Pair of quick bla |       |       |   165 |    54 ||   219
Invok: Banish            |       |       |     5 |       ||     5
  Use: Scroll            |     6 |     3 |     3 |       ||    12
       Potion            |       |       |     2 |       ||     2
 Stab: Distracted        |       |     1 |       |       ||     1
  Eat: Chunk             |     2 |     7 |     8 |     2 ||    19
       Ration            |       |       |     2 |       ||     2
Armor: Leather armour    |    22 |    10 |       |       ||    32
       Ring mail         |       |    44 |    28 |       ||    72
       Chain mail        |       |       |    93 |    15 ||   108
Dodge: Dodged            |    60 |    83 |   104 |     4 ||   251
Block: Other             |    19 |    28 |    44 |     6 ||    97

Table legend:
 A = Spawn XP
 B = Non-spawn XP
 C = Spawn XP percentage of total XP
 D = Spawn monster count
 E = Non-spawn monster count
 F = Spawn count percentage of total count
 G = Total turns spent on level
                    A         B        C        D         E        F      G
               +---------+---------+-------+---------+---------+-------+---------
         Total |       0 |    6972 |   0.0 |       0 |     187 |   0.0 |  8110
               +---------+---------+-------+---------+---------+-------+---------
           D:1 |       0 |      37 |   0.0 |       0 |      21 |   0.0 |   806
           D:2 |       0 |      53 |   0.0 |       0 |       9 |   0.0 |   627
           D:3 |       0 |      65 |   0.0 |       0 |      18 |   0.0 |   754
           D:4 |       0 |     354 |   0.0 |       0 |      18 |   0.0 |   656
           D:5 |       0 |      71 |   0.0 |       0 |      10 |   0.0 |   634
           D:6 |       0 |     814 |   0.0 |       0 |      22 |   0.0 |  1287
           D:7 |       0 |    1089 |   0.0 |       0 |      29 |   0.0 |  1636
           D:8 |       0 |    1797 |   0.0 |       0 |      32 |   0.0 |   796
           D:9 |       0 |    2610 |   0.0 |       0 |      27 |   0.0 |   886
          D:10 |       0 |      82 |   0.0 |       0 |       1 |   0.0 |    20
               +---------+---------+-------+---------+---------+-------+---------
